 Dungeon Crawl Stone Soup version 0.30-a0-782-ge64f9170bb (webtiles) character file.

Game seed: 6834524855612532392

21362 Querens the Warrior (level 13, -15/107 HPs)
             Began as a Djinni Hedge Wizard on Feb 26, 2023.
             Was the Champion of Makhleb.
             Shot with an arrow by a centaur warrior (19 damage)
             ... on level 13 of the Dungeon.
             The game lasted 01:10:12 (9310 turns).

Querens the Warrior (Djinni Hedge Wizard)           Turns: 9310, Time: 01:10:13

Health: -15/107    AC: 10    Str:  9    XL:     13   Next: 19%
Gold:   613        EV: 17    Int: 20    God:    Makhleb [******] SH: 13 Dex: 20

rFire   + + +      SeeInvis .    H - +2 dagger (elec)
rCold   . . .      Faith    .    F - +2 buckler {AC+3}
rNeg    . . .      Spirit   .    j - +1 robe {Archmagi}
rPois   ∞          Reflect  +    y - +0 helmet
rElec   .          Harm     .    (no cloak)
rCorr   +          Rampage  .    G - +2 pair of gloves
Will    ++...      Archmagi +    (boots unavailable)
Stlth   ++                       f - amulet of reflection
HPRegen 0.37/turn                N - ring "Licaholoy" {Fly rF+ rC+ Will+ Dex+6}
MPRegen 0.00/turn                Q - ring of resist corrosion

@: flying
A: sickness immunity, fire resistance 2, cold vulnerability 1, float, innate
caster, HP casting, extra vitality 1
a: Renounce Religion, Minor Destruction, Lesser Servant of Makhleb, Major
Destruction, Greater Servant of Makhleb


You were on level 13 of the Dungeon.
You worshipped Makhleb.
Makhleb was exalted by your worship.
You visited 2 branches of the dungeon, and saw 14 of its levels.
You also visited: Sewer.

You collected 930 gold pieces.
You spent 317 gold pieces at shops.

Inventory:

Hand Weapons
 H - a +2 dagger of electrocution (weapon)
 O - a +5 dagger
 Y - a +2 rapier of venom
Missiles
 A - 16 curare-tipped darts
Armour
 j - a +1 robe of the Archmagi (worn)
 y - a +0 helmet (worn)
 F - a +2 buckler of protection (worn)
 G - a +2 pair of gloves (worn)
 U - a +0 troll leather armour
 X - a +1 robe of cold resistance
Magical Staves
 V - a staff of conjuration
Jewellery
 f - an amulet of reflection (around neck)
 E - a ring of fire
 N - the ring "Licaholoy" (left hand) {Fly rF+ rC+ Will+ Dex+6}
   (You found it on level 9 of the Dungeon)

   [ring of dexterity]

   Dex:       It affects your dexterity (+6).
   rF:        It protects you from fire.
   rC:        It protects you from cold.
   Fly:       It grants you flight.
   Will:      It increases your willpower.
 P - a ring of ice
 Q - a ring of resist corrosion (right hand)
 R - a ring of see invisible
Wands
 x - a wand of polymorph (20)
 D - a wand of roots (9)
 I - a wand of paralysis (13)
 K - a wand of flame (23)
 S - a wand of digging (6)
 T - a wand of mindburst (6)
 W - a wand of light (7)
Scrolls
 a - 4 scrolls of immolation
 h - 8 scrolls of teleportation
 i - 4 scrolls of magic mapping
 o - 6 scrolls of fear
 q - 2 scrolls of fog
 u - 2 scrolls of brand weapon
 v - 3 scrolls of blinking
 w - 5 scrolls of poison
 B - a scroll of identify
 C - 3 scrolls of enchant weapon
 M - a scroll of enchant armour
Potions
 b - 6 potions of curing
 c - 3 potions of brilliance {unknown}
 d - 3 potions of might {unknown}
 e - 3 potions of resistance
 g - 3 potions of lignification
 k - 3 potions of degeneration {unknown}
 l - 3 potions of magic {unknown}
 m - a potion of flight {unknown}
 n - 5 potions of heal wounds
 p - a potion of cancellation {unknown}
 r - 3 potions of attraction {unknown}
 s - 3 potions of mutation
 t - a potion of invisibility {unknown}
 z - 3 potions of haste
Miscellaneous
 J - a piece from Xom's chessboard (15/15)
 L - a piece from Xom's chessboard (15/15)


   Skills:
 - Level 15.0 Fighting
 - Level 5.0 Short Blades
 + Level 7.7 Dodging
 - Level 1.5 Stealth
 - Level 5.0 Shields
 + Level 9.6 Spellcasting
 + Level 8.6 Invocations


You had 4 spell levels left.
You knew the following spells:

 Your Spells              Type           Power      Damage    Failure   Level
a - Magic Dart            Conj           100%       1d8       1%          1
b - Slow                  Hex            100%       N/A       1%          1
c - Blink                 Tloc           100%       N/A       1%          2
d - Call Imp              Summ           64%        N/A       1%          2
e - Mephitic Cloud        Conj/Pois/Air  64%        N/A       1%          3
f - Necrotise             Necr           100%       1d9       1%          1
g - Wereblood             Tmut           64%        N/A       1%          2
h - Ensorcelled Hibernat  Hex/Ice        100%       N/A       1%          2
i - Summon Guardian Gole  Hex/Summ       64%        N/A       1%          3
j - Lee's Rapid Deconstr  Erth           32%        3d16*     4%          5
k - Iskenderun's Battles  Conj           64%        2d11      4%          5
Your spell library was empty.

Dungeon Overview and Level Annotations

Branches:
Dungeon (13/15)            Temple (0/1) D:7            Lair (0/5) D:10
    Orc (1/2) D:12          Sewer (visited)
 Vaults: D:13-14

Altars:
Dithmenos
Elyvilon
Fedhas
Gozag
Makhleb
Nemelex Xobeh
Qazlal
Ru
Trog
Wu Jian
Zin

Shops:
D:2 (   D:4 *   D:7 [   D:13 [

Annotations:
D:4 3 transporters, Pascal76's ghost, amateur MfBe
D:5 3 runed translucent doors, whodunnit's ghost, novice MiMo
D:13 Rupert


Innate Abilities, Weirdness & Mutations

You are immune to sickness and miasma.
You are immune to poison.
Your flesh is very heat resistant. (rF++)
You are vulnerable to cold. (rC-)
You float through the air rather than walking.
You learn spells naturally, not from books.
Your magical power is your life essence.
You have superior vitality. (+4 MHP)


Message History

That beam is likely to hit you.
Continue anyway?
Okay, then.
Casting: Lee's Rapid Deconstruction (dangerous; 4% risk of failure)
Confirm with . or Enter, or press ? or * to list all spells.
Aiming: Lee's Rapid Deconstruction (dangerous; 4% risk of failure)
Press: ? - help, Dir - move target A rock wall.
You feel a surge of power!
The wall shatters!
The blast of rock fragments hits Rupert.
Rupert is severely wounded.
Rupert is engulfed in noxious fumes.
Rupert appears confused.
Rupert hits you with a +2 great mace of venom!
Unknown command.
Casting: Lee's Rapid Deconstruction (dangerous; 4% risk of failure)
Confirm with . or Enter, or press ? or * to list all spells.
Aiming: Lee's Rapid Deconstruction (dangerous; 4% risk of failure)
Press: ? - help, Dir - move target A rock wall.
You feel a surge of power!
The wall shatters!
The blast of rock fragments hits Rupert!
Rupert is severely wounded.
Rupert is engulfed in noxious fumes.
Rupert hits you with a +2 great mace of venom!!
* * * LOW HITPOINT WARNING * * *
Rupert hits himself with a +2 great mace of venom!
Rupert looks as sick as possible!
Unknown command.
Casting: Lee's Rapid Deconstruction (dangerous; 4% risk of failure)
Confirm with . or Enter, or press ? or * to list all spells.
Aiming: Lee's Rapid Deconstruction (dangerous; 4% risk of failure)
Press: ? - help, Dir - move target A rock wall.
You feel a surge of power!
The wall shatters!
The blast of rock fragments hits Rupert.
Rupert is almost dead.
* * * LOW HITPOINT WARNING * * *
Rupert is engulfed in noxious fumes.
The centaur warrior wields a +0 longbow.
The centaur warrior shoots an arrow.
The arrow hits you!!
You die...

....... #.###.).##.###.
#....cT.†......
#####..###.##.. #..#
######..# ......@.#
#######°# #@# #.#
########
######.#######......#
#................##.#
#.####.#######.#.##.###
#........# #.#.......
#..##.....# #......###
#....## ###..#### #...
#.#.## #.....#


You could see Rupert (fast, confused, extremely poisoned), a centaur warrior and
a troll (confused).

Vanquished Creatures
  Erolcha (D:13)
  A hydra (D:12)
  3 boulder beetles
  The ghost of Tuqumes the Cruncher, a journeyman OpSu of Yredelemnul (D:12)
  2 deep elf pyromancers
  An ugly thing (D:13)
  2 cyclopes (D:12)
  3 manticores
  2 gargoyles (D:12)
  6 kobold demonologists
  6 trolls
  Grinder (D:5)
  A slime creature (D:12)
  2 vampires
  A wyvern (D:9)
  10 yaks
  A basilisk (D:12)
  4 wraiths
  A steam dragon (D:8)
  A warg (Orc:1)
  2 acid dragons
  Duvessa (D:7)
  10 orc warriors
  2 sky beasts
  A black bear (D:8)
  An ogre (Orc:1)
  4 centaurs
  5 boggarts (D:12)
  19 kobold brigands
  3 bullfrogs
  Dowan (D:7)
  4 wights
  9 killer bees
  5 howler monkeys
  A hound (D:4)
  A jelly (D:7)
  A gnoll bouda (D:7)
  12 orc priests
  3 iguanas
  13 orc wizards
  7 adders
  10 gnolls (D:4)
  A river rat (Sewer)
  A shadow imp (D:7)
  A white imp (D:7)
  An ufetubus (D:6)
  A worm (Sewer)
  A dart slug (D:2)
  34 orcs
  11 ball pythons
  11 endoplasms
  6 giant cockroaches
  8 goblins
  5 hobgoblins
  A jackal (D:4)
  4 quokkas
  5 bats (D:1)
  5 frilled lizards
  35 kobolds
  11 rats
307 creatures vanquished.

Vanquished Creatures (collateral kills)
  The ghost of
  112233 the Conjurer, a novice OpCj of Gozag (D:7)
  A yak (D:8)
  A water moccasin (D:6)
  An orc warrior (D:8)
  2 black bears
  An ogre (D:5)
  A kobold brigand (D:12)
  A necrophage (D:4)
  2 scorpions (D:7)
  2 hounds (D:5)
  An orc priest (D:7)
  A gnoll bouda (D:4)
  An iguana (D:6)
  8 gnolls
  4 adders
  A shadow imp (D:8)
  An ufetubus (D:5)
  A worm (Sewer)
  A dart slug (D:5)
  8 orcs
  An endoplasm (D:3)
  2 giant cockroaches
  A goblin (D:3)
  2 hobgoblins (D:3)
  2 jackals (D:4)
  4 quokkas
  4 kobolds
  3 rats
59 creatures vanquished.

Vanquished Creatures (others)
  A two-headed ogre (D:8)
  4 wights (D:7)
  2 fungi (D:12)
  8 plants
15 creatures vanquished.

Grand Total: 381 creatures vanquished

Notes
Turn   | Place    | Note
-------+----------+-------------------------------------------
     0 | D:1      | Querens the Djinni Hedge Wizard began the quest for the
                  | Orb.
     0 | D:1      | Querens set off with the following spells memorised: Magic
                  | Dart, Slow, Blink, Call Imp, Mephitic Cloud.
     0 | D:1      | Reached XP level 1. HP: 15/15 MP: 0/0
    69 | D:1      | Reached skill level 1 in Fighting
    69 | D:1      | Reached XP level 2. HP: 17/22 MP: 0/0
   103 | D:1      | Found a faded altar of an unknown god.
   176 | D:1      | Reached XP level 3. HP: 16/27 MP: 0/0
   176 | D:1      | Learned a level 1 spell: Necrotise
   480 | D:2      | Reached skill level 2 in Fighting
   540 | D:2      | Reached XP level 4. HP: 32/33 MP: 0/0
   597 | D:2      | Found Ilegg's Antique Weapon Boutique.
   744 | D:2      | Reached XP level 5. HP: 25/40 MP: 0/0
   744 | D:2      | Learned a level 2 spell: Wereblood
   793 | D:2      | Reached skill level 3 in Fighting
  1020 | D:3      | Found a stormy altar of Qazlal.
  1044 | D:3      | Found a burning altar of Makhleb.
  1056 | D:3      | Became a worshipper of Makhleb the Destroyer
  1286 | D:4      | Found a transporter.
  1313 | D:4      | Reached XP level 6. HP: 35/46 MP: 0/0
  1356 | D:4      | Reached skill level 4 in Fighting
  1371 | D:4      | Found a transporter.
  1395 | D:4      | Found Pyczia Nausch's Assorted Antiques.
  1404 | D:4      | Bought 2 sedimented ruby potions for 55 gold pieces
  1404 | D:4      | Bought a scroll labelled ADOARGHI REOCON for 31 gold pieces
  1404 | D:4      | Bought a brown potion for 27 gold pieces
  1404 | D:4      | Bought a scroll labelled FOAKHA ASA for 31 gold pieces
  1404 | D:4      | Bought a scroll labelled ADOARGHI REOCON for 31 gold pieces
  1458 | D:4      | Reached * piety under Makhleb
  1526 | D:4      | Found a transporter.
  1526 | D:4      | Found a transporter.
  1645 | D:4      | Reached XP level 7. HP: 14/53 MP: 0/0
  1645 | D:4      | Learned a level 2 spell: Ensorcelled Hibernation
  1771 | D:5      | Entered Level 5 of the Dungeon
  1795 | D:5      | Found a runed translucent gate.
  1801 | D:5      | Found a runed translucent gate.
  1801 | D:5      | Found a runed translucent gate.
  1894 | D:4      | Noticed Pascal76's ghost (amateur MfBe)
  1951 | D:4      | HP: 1/53 [gnoll/bolt of light (12)]
  2054 | D:5      | Noticed Grinder
  2133 | D:5      | Reached skill level 5 in Fighting
  2157 | D:5      | Killed Grinder
  2158 | D:5      | Reached skill level 6 in Fighting
  2158 | D:5      | Reached XP level 8. HP: 34/62 MP: 0/0
  2261 | D:5      | Found an opulent altar of Gozag.
  2338 | D:5      | Reached skill level 7 in Fighting
  2370 | D:5      | Reached skill level 5 in Spellcasting
  2404 | D:5      | Reached ** piety under Makhleb
  2405 | D:5      | Reached skill level 8 in Fighting
  2583 | D:5      | Noticed whodunnit's ghost (novice MiMo)
  2641 | D:6      | Reached skill level 9 in Fighting
  3096 | D:6      | Reached skill level 10 in Fighting
  3096 | D:6      | Reached XP level 9. HP: 58/74 MP: 0/0
  3096 | D:6      | Learned a level 3 spell: Summon Guardian Golem
  3122 | D:6      | Found a glowing drain.
  3146 | Sewer    | Entered a sewer
  3569 | Sewer    | Reached *** piety under Makhleb
  3621 | Sewer    | Reached skill level 1 in Short Blades
  4040 | D:7      | Reached skill level 11 in Fighting
  4044 | D:7      | Found a runed translucent gate.
  4044 | D:7      | Found a runed translucent gate.
  4061 | D:7      | Noticed Duvessa
  4069 | D:7      | Noticed Dowan
  4090 | D:7      | Killed Dowan
  4126 | D:7      | Killed Duvessa
  4195 | D:7      | Found Teked's Antique Armour Shop.
  4200 | D:7      | Bought a runed buckler for 142 gold pieces
  4417 | D:7      | Reached skill level 1 in Shields
  4526 | D:7      | Noticed 112233's ghost (novice OpCj)
  4548 | D:7      | Reached skill level 12 in Fighting
  4596 | D:7      | Found a runed translucent gate.
  4655 | D:7      | Killed 112233's ghost
  4656 | D:7      | Reached XP level 10. HP: 67/85 MP: 0/0
  4725 | D:7      | Found a staircase to the Ecumenical Temple.
  4971 | D:8      | Found an ornate altar of the Wu Jian Council.
  4987 | D:8      | Reached skill level 13 in Fighting
  4995 | D:8      | Reached **** piety under Makhleb
  5269 | D:8      | Noticed a two-headed ogre
  5295 | D:8      | Killed a two-headed ogre
  5338 | D:8      | Reached skill level 14 in Fighting
  5455 | D:8      | Found a sparkling altar of Nemelex Xobeh.
  5455 | D:8      | Found a bloodstained altar of Trog.
  5462 | D:8      | Found a white marble altar of Elyvilon.
  5464 | D:8      | Found a glowing silver altar of Zin.
  5465 | D:8      | Found a faded altar of an unknown god.
  5787 | D:9      | Noticed a deep elf pyromancer
  5799 | D:9      | Killed a deep elf pyromancer
  5842 | D:9      | Found a shadowy altar of Dithmenos.
  5871 | D:9      | Reached skill level 1 in Invocations
  5871 | D:9      | Reached XP level 11. HP: 67/94 MP: 0/0
  5871 | D:9      | Learned a level 5 spell: Lee's Rapid Deconstruction
  6322 | D:9      | Identified the ring "Licaholoy" {Fly rF+ rC+ Will+ Dex+6}
  6495 | D:9      | Found a sacrificial altar of Ru.
  6520 | D:9      | Found a blossoming altar of Fedhas.
  6643 | D:10     | Entered Level 10 of the Dungeon
  6813 | D:10     | Reached skill level 5 in Short Blades
  7033 | D:10     | Reached ***** piety under Makhleb
  7116 | D:10     | Reached skill level 15 in Fighting
  7116 | D:10     | Reached skill level 5 in Shields
  7154 | D:10     | Found a staircase to the Lair.
  7986 | D:11     | Noticed a boulder beetle
  8010 | D:11     | Killed a boulder beetle
  8011 | D:11     | Reached skill level 5 in Invocations
  8027 | D:12     | Found a staircase to the Orcish Mines.
  8154 | D:12     | Reached XP level 12. HP: 61/102 MP: 0/0
  8283 | D:12     | Noticed a boulder beetle
  8401 | D:12     | Killed a boulder beetle
  8402 | D:12     | Reached skill level 5 in Dodging
  8403 | D:12     | Noticed a boulder beetle
  8439 | D:12     | Killed a boulder beetle
  8650 | D:12     | Noticed an eight-headed hydra
  8657 | D:12     | Killed an eight-headed hydra
  8762 | D:12     | Found a runed translucent gate.
  8762 | D:12     | Found a runed translucent gate.
  8763 | D:12     | Found a runed translucent gate.
  8765 | D:12     | Noticed Tuqumes's ghost (journeyman OpSu)
  8787 | D:12     | Killed Tuqumes's ghost
  8804 | D:12     | Reached XP level 13. HP: 97/107 MP: 0/0
  8804 | D:12     | Learned a level 5 spell: Iskenderun's Battlesphere
  8868 | Orc:1    | Entered Level 1 of the Orcish Mines
  8946 | Orc:1    | Reached ****** piety under Makhleb
  8979 | D:13     | Noticed Rupert
  8979 | D:13     | Noticed a centaur warrior
  8985 | D:13     | Noticed Erolcha
  9204 | D:13     | Found Paokhlout's Antique Armour Boutique.
  9296 | D:13     | Killed Erolcha
  9310 | D:13     | Shot with an arrow by a centaur warrior

Illustrated notes

Levels and vault maps discovered:
D:1:      spicycebolla_green_bress_n_ham, layout_rooms,
          shapermc_ecumenical_altar_pompeii
D:2:      minmay_alternating_diamond, layout_basic, serial_shops,
          nicolae_shop_overgrown_old_shop
D:3:      layout_rooms, mainiacjoe_overflow_boulevard, grunt_qazlal_clouds
D:4:      gammafunk_steamed_eel, layout_cave_pools, serial_shops,
          nicolae_shop_crystal, gammafunk_ghost_gnarly_gnolls
D:5:      layout_basic, grunt_gozag_statues, lemuel_round_altar,
          gammafunk_ghost_icy, minmay_holes, corexii_mini_fake_secret_closet,
          st_stairs_13, uniq_grinder
D:6:      layout_loops_corners, portal_sewer_entry_f,
          eino_small_chamber_without_monster, grunt_decor_cap
D:7:      layout_loops_corners, minmay_temple_entry_water_ring,
          gammafunk_ghost_split, serial_shops, nicolae_shop_hallway_plus,
          uniq_duvessa
D:8:      layout_rooms, mainiacjoe_overflow_chevrons,
          chequers_temple_overflow_minitemple
D:9:      layout_irregular_city, mainiacjoe_overflow_two_lobes,
          nicolae_dithmenos_shadow_blocks, minivault_10
D:10:     nicolae_BIG_FREAKIN_CUBE, layout_grid_maze
D:11:     layout_loops_ring, kennysheep_generic_room_10
D:12:     wad_guarded_room, layout_cave_pools, orc_0_dummy,
          gammafunk_ghost_nasty_kobolds
D:13:     cheibrodos_orc_bank, layout_loops_corners, serial_shops,
          kennysheep_little_box, uniq_erolcha, uniq_rupert
Orc:1:    layout_caves, guppyfry_orc_lava_fort

Skill      XL: |  1  2  3  4  5  6  7  8  9 10 11 12 |
---------------+-------------------------------------+-----
Fighting       | 1 2 3 4 6 10 12 14 15 | 15.0
Spellcasting   | 3 4 5 6 7 8 9 |  9.6
Short Blades   | 3 4 5 |  5.0
Shields        | 2 4 5 |  5.0
Invocations    | 1 5 8 |  8.6
Dodging        | 3 7 |  7.7
Stealth        | |  1.5

Action                     |  1- 3 |  4- 6 |  7- 9 | 10-12 | 13-15 || total
---------------------------+-------+-------+-------+-------+-------++-------
  Melee: Dagger            |     4 |    18 |   221 |   383 |    37 ||   663
         Punch             |       |       |     3 |       |       ||     3
   Cast: Magic Dart        |    80 |    94 |    60 |    12 |     5 ||   251
         Slow              |       |     3 |     1 |     8 |       ||    12
         Call Imp          |       |    22 |    57 |    47 |     2 ||   128
         Mephitic Cloud    |       |     3 |    39 |    98 |    26 ||   166
         Summon Guardian G |       |       |     1 |    17 |       ||    18
         Lee's Rapid Decon |       |       |       |    30 |     8 ||    38
         Ensorcelled Hiber |       |       |       |     1 |     1 ||     2
         Iskenderun's Batt |       |       |       |       |     4 ||     4
 Invoke: Minor Destruction |       |       |       |    12 |       ||    12
  Evoke: Wand              |       |       |       |     8 |       ||     8
    Use: Scroll            |       |       |    14 |     6 |     1 ||    21
         Potion            |       |       |     5 |       |     1 ||     6
   Stab: Confused          |       |       |    24 |    80 |     5 ||   109
         Sleeping          |       |       |     1 |     1 |     1 ||     3
         Distracted        |       |       |     1 |       |       ||     1
 Armour: Robe              |     4 |    16 |    28 |    68 |     8 ||   124
  Dodge: Dodged            |     3 |    49 |    90 |   119 |    19 ||   280
  Block: Other             |       |       |    20 |       |       ||    20
         Buckler           |       |       |    17 |   175 |    30 ||   222
         Reflection        |       |       |     1 |     2 |     2 ||     5

Table legend: (Time is in decaauts)
 A = Elapsed time spent in this place.
 B = Non-inter-level travel time spent in this place.
 C = Inter-level travel time spent in this place.
 D = Time resting spent in this place.
 E = Time spent auto-exploring this place.
 F = Levels seen in this place.
 G = Mean time per level.
                   A        B        C        D        E       F      G
               +--------+--------+--------+--------+--------+-----+--------+
         Total |   9144 |   8424 |    720 |     13 |      0 |  15 |  609.6 |
       Dungeon |   8591 |   7871 |    720 |     13 |      0 |  13 |  660.8 |
  Orcish Mines |     82 |     82 |      0 |      0 |      0 |   1 |   82.0 |
         Sewer |    470 |    470 |      0 |      0 |      0 |   1 |  470.0 |
               +--------+--------+--------+--------+--------+-----+--------+

Top non-repeatable levels by time:
     D:7: 1120 daAuts
    D:12: 902 daAuts
     D:9: 820 daAuts
     D:6: 816 daAuts
    D:10: 780 daAuts
     D:4: 733 daAuts
     D:8: 718 daAuts
     D:5: 654 daAuts
     D:2: 593 daAuts
    D:11: 574 daAuts
   Sewer: 470 daAuts
     D:1: 338 daAuts
    D:13: 273 daAuts
     D:3: 264 daAuts
   Orc:1: 82 daAuts
